 Dungeon Crawl Stone Soup version 0.26-a0-663-g36e8fdb655 (console) character file.

Game seed: 15635858783375015421

1237 jejorda2 the Carver (level 8, -3/73 HPs)
             Began as a Minotaur Berserker on Oct 11, 2020.
             Was an Elder of Trog.
             Splashed by a gnoll's acid (10 damage)
             ... on level 5 of the Dungeon.
             The game lasted 00:12:19 (5051 turns).

jejorda2 the Carver (Minotaur Berserker)            Turns: 5051, Time: 00:12:19

Health: -3/73      AC:  8    Str: 25    XL:     8   Next: 24%
Magic:  7/7        EV:  7    Int:  4    God:    Trog [****..]
Gold:   178        SH:  0    Dex:  9    Spells: 7/7 levels left

rFire    + . .     SeeInvis .   a - +0 falchion
rCold    . . .     Faith    .   (no shield)
rNeg     . . .     Spirit   .   j - +1 plate armour
rPois    .         Reflect  .   i - +2 hat
rElec    .         Harm     .   e - scarf {shadows}
rCorr    .         Rampage  .   (no gloves)
MR       .....                  g - +0 pair of boots
Stlth    ..........             (no amulet)
HPRegen  0.22/turn              h - ring of protection from fire
MPRegen  0.10/turn              (no ring)

@: corroded
A: retaliatory headbutt, horns 2
a: Berserk, Trog's Hand, Brothers in Arms, Renounce Religion


You were on level 5 of the Dungeon.
You worshipped Trog.
Trog was greatly pleased with you.
You visited 1 branch of the dungeon, and saw 5 of its levels.
You also visited: Ossuary.

You collected 214 gold pieces.
You spent 36 gold pieces at shops.

Inventory:

Hand Weapons
 a - a +0 falchion (weapon)
Missiles
 k - 44 arrows
Armour
 e - a scarf of shadows (worn)
 g - a +0 pair of boots (worn)
 i - a +2 hat (worn)
 j - a +1 plate armour (worn)
Jewellery
 h - a ring of protection from fire (left hand)
Scrolls
 f - a scroll of teleportation
 o - a scroll of magic mapping
 r - 4 scrolls of remove curse
Potions
 b - 2 potions of flight
 c - a potion of might
 d - a potion of stabbing {unknown}
 l - 2 potions of lignification
 m - 2 potions of haste
 p - 2 potions of mutation
 q - 3 potions of curing
 u - a potion of invisibility


   Skills:
 - Level 7.0 Fighting
 * Level 10.0 Long Blades
 - Level 5.0 Armour
 - Level 2.1 Dodging


You had 7 spell levels left.
You didn't know any spells.
Your spell library was empty.

Dungeon Overview and Level Annotations

Branches:
Dungeon (5/15)            Ossuary (visited)
 Temple: D:4-7

Altars:
Gozag
Ru
Trog
Wu Jian
Xom
Yredelemnul
Zin
The Shining One

Shops:
D:5 !


Innate Abilities, Weirdness & Mutations

You reflexively headbutt those who attack you in melee.
You have a pair of horns on your head.


Message History

* * * LOW HITPOINT WARNING * * *
Items here: ) †.
Okay, then.
Unknown command.
Quiver which item? (- for none, * to show all) (? for menu, Esc to quit)
Okay, then.
Unknown command.
It was a potion of ambrosia.
You are confused.
You feel invigorated.
The gnoll zaps a wand.
The bolt of acid hits the gnoll!!
The gnoll is splashed with acid.
The gnoll dies!
The bolt of acid misses you.
You're too confused to move!
You feel less invigorated.
You feel less confused.
The gnoll zaps a wand.
The bolt of acid hits you!
* * * LOW HITPOINT WARNING * * *
You are splashed with acid!
You die...

#..#.######g# #..#.....)..#
#..#####.#### #..## #.#
###...####g##
######...........#
#.!...#>.........#
#.###.##..#.###..# #.#
#.#...#...#.@#
#.###.#.#####.#..########
#.....#...#....)........#
###.##.##.#.##.###.####<####
#.##.##...##.# #..)......#
#.##.###.###.###.####.##.#
#.##.#..#.##...(.......#.######
#.##............#####..#....>..
#.####.#######..# #...#######


You could see a gnoll.

Vanquished Creatures
  Sigmund (D:5)
  An ogre (D:5)
  An elf zombie (Ossuary)
  A scorpion (D:4)
  3 killer bees (D:4)
  A howler monkey (D:5)
  3 centaur zombies (Ossuary)
  A gnoll shaman (D:5)
  2 worker ants (D:4)
  2 big kobold zombies (Ossuary)
  A hound zombie (Ossuary)
  A hound skeleton (D:4)
  3 mummies (Ossuary)
  22 gnolls
  8 adders
  A shadow imp (D:3)
  A white imp (D:5)
  3 adder zombies (Ossuary)
  3 worms
  7 dart slugs
  3 leopard geckos
  An orc (D:4)
  4 giant cockroaches
  3 gnoll zombies (Ossuary)
  10 hobgoblins
  22 jackals
  12 kobolds
  2 quokkas
  A ball python (D:1)
  4 bats
  4 frilled lizards
  3 goblins
  6 goblin zombies (Ossuary)
  2 hobgoblin zombies (Ossuary)
  3 jackal zombies (Ossuary)
  2 kobold zombies (Ossuary)
  3 orc zombies (Ossuary)
  A quokka zombie (Ossuary)
  6 rats
  3 rat zombies (Ossuary)
161 creatures vanquished.

Vanquished Creatures (others)
  A gnoll (D:5)
  A plant (D:5)
2 creatures vanquished.

Grand Total: 163 creatures vanquished

Notes
Turn   | Place    | Note
-------+----------+-------------------------------------------
     0 | D:1      | jejorda2 the Minotaur Berserker began the quest for the
                  | Orb.
     0 | D:1      | Reached XP level 1. HP: 19/19 MP: 0/0
   112 | D:1      | Reached skill level 4 in Long Blades
   128 | D:1      | Reached XP level 2. HP: 24/27 MP: 1/1
   321 | D:1      | Reached ** piety under Trog
   321 | D:1      | Reached XP level 3. HP: 33/33 MP: 2/2
   979 | D:2      | Reached skill level 5 in Long Blades
   979 | D:2      | Reached XP level 4. HP: 35/40 MP: 3/3
   989 | D:2      | Found a basalt altar of Yredelemnul.
  1450 | D:3      | Found a glowing golden altar of the Shining One.
  1530 | D:3      | Reached *** piety under Trog
  1594 | D:3      | Found a glowing silver altar of Zin.
  1760 | D:3      | Reached XP level 5. HP: 46/47 MP: 4/4
  2012 | D:3      | Found a sacrificial altar of Ru.
  2208 | D:4      | Found a sand-covered staircase.
  2214 | Ossuary  | Entered an ossuary
  2292 | Ossuary  | Reached skill level 5 in Fighting
  2292 | Ossuary  | Reached skill level 6 in Long Blades
  2300 | Ossuary  | Reached XP level 6. HP: 52/56 MP: 5/5
  2583 | Ossuary  | Reached **** piety under Trog
  2672 | D:4      | Reached skill level 7 in Long Blades
  2760 | D:4      | Reached XP level 7. HP: 62/62 MP: 6/6
  2763 | D:4      | Reached skill level 5 in Armour
  3204 | D:4      | Reached skill level 8 in Long Blades
  3235 | D:4      | Found an opulent altar of Gozag.
  3282 | D:4      | Found a bloodstained altar of Trog.
  3576 | D:5      | Entered Level 5 of the Dungeon
  3576 | D:5      | Found Fywnuharr's Distillery.
  3580 | D:5      | Bought a potion of flight for 36 gold pieces
  3647 | D:5      | Found an ornate altar of the Wu Jian Council.
  4043 | D:5      | Found a shimmering altar of Xom.
  4113 | D:5      | Reached skill level 9 in Long Blades
  4179 | D:5      | Noticed Sigmund
  4188 | D:5      | Killed Sigmund
  4188 | D:5      | Reached XP level 8. HP: 62/73 MP: 7/7
  4268 | D:5      | Found a bloodstained altar of Trog.
  5033 | D:5      | Reached skill level 10 in Long Blades
  5041 | D:5      | HP: 3/73 [acid (13)]
  5051 | D:5      | Splashed by a gnoll's acid

Illustrated notes

Levels and vault maps discovered:
D:1:      lightli_arrival_isolated_outpost, layout_loops_ring,
          chequers_serial_rivers_room_a
D:2:      layout_basic, lemuel_round_altar
D:3:      layout_loops_ring, nicolae_overflow_hidden_temple, tso_altar,
          nicolae_ru_path_of_blood
D:4:      layout_basic, nicolae_gozag_seed_capital, lightli_temple_of_fire,
          nicolae_ossuary_entry_plus
D:5:      lemuel_castle_with_subvaults [lemuel_castle_interior_carwin_1],
          layout_loops_ring, lemuel_doored_altar, lemuel_round_altar,
          serial_shops, shop, trog_hazing_becter, uniq_sigmund

Skill      XL: |  1  2  3  4  5  6  7  8 |
---------------+-------------------------+-----
Long Blades    | 4 5 6 7 9 10 | 10.0
Fighting       | 4 5 7 |  7.0
Armour         | 3 4 5 |  5.0
Dodging        | |  2.1

Action                   |  1- 3 |  4- 6 |  7- 9 || total
-------------------------+-------+-------+-------++-------
Melee: Falchion          |    65 |   192 |   167 ||   424
       Headbutt          |    15 |    47 |    34 ||    96
Invok: Berserk           |       |       |     1 ||     1
       Trog's Hand       |       |       |     1 ||     1
  Use: Scroll            |       |    11 |     6 ||    17
       Potion            |       |       |     1 ||     1
 Stab: Sleeping          |     1 |       |       ||     1
Armor: Animal skin       |     5 |       |       ||     5
       Leather armour    |     3 |       |       ||     3
       Plate armour      |    11 |   143 |   107 ||   261
Dodge: Dodged            |    30 |    72 |    53 ||   155
       Rpst.: Falchion   |     9 |    27 |    14 ||    50

Table legend: (Time is in decaauts)
 A = Elapsed time spent in this place.
 B = Non-inter-level travel time spent in this place.
 C = Inter-level travel time spent in this place.
 D = Time resting spent in this place.
 E = Time spent auto-exploring this place.
 F = Levels seen in this place.
 G = Mean time per level.
                   A        B        C        D        E       F      G
               +--------+--------+--------+--------+--------+-----+--------+
         Total |   5066 |   4923 |    143 |     48 |   3802 |   6 |  844.3 |
       Dungeon |   4639 |   4496 |    143 |     48 |   3546 |   5 |  927.8 |
       Ossuary |    426 |    426 |      0 |      0 |    256 |   1 |  426.0 |
               +--------+--------+--------+--------+--------+-----+--------+

Top non-repeatable levels by time:
     D:4: 1232 daAuts
     D:5: 1205 daAuts
     D:1: 919 daAuts
     D:3: 743 daAuts
     D:2: 538 daAuts
 Ossuary: 426 daAuts
